 Dungeon Crawl Stone Soup version 0.29.1-2-gbd0b4ee654 (webtiles) character file.

Game seed: 527949447679716715

1911 qeuew the Covered (level 8, -5/71 HPs)
             Began as a Minotaur Fighter on Nov 15, 2022.
             Was an Initiate of Gozag.
             Slain by a killer bee (8 damage)
             ... on level 10 of the Dungeon.
             The game lasted 00:07:28 (6609 turns).

qeuew the Covered (Minotaur Fighter)                Turns: 6609, Time: 00:07:29

Health: -5/71      AC:  7    Str: 20 (21) XL:     8   Next: 95%
Magic:  7/7        EV: 11    Int:  2 (5)  God:    Gozag
Gold:   706        SH:  5    Dex: 12      Spells: 7/7 levels left

rFire   + . .      SeeInvis +   a - +0 war axe (flame)
rCold   + . .      Faith    .   c - +0 buckler
rNeg    . . .      Spirit   .   b - +0 scale mail
rPois   +          Reflect  .   (helmet restricted)
rElec   +          Harm     .   o - scarf {repulsion}
rCorr   +          Rampage  .   (no gloves)
Will    .....      Clarity  +   (no boots)
Stlth   ..........              f - amulet of the acrobat
HPRegen 0.21/turn               e - ring of flight
MPRegen 0.10/turn               k - ring of see invisible

@: resistant, flying, repel missiles
A: horns 2, retaliatory headbutt, talons 1, clarity, poison resistance
a: Renounce Religion, Potion Petition, Call Merchant, Bribe Branch


You were on level 10 of the Dungeon.
You worshipped Gozag.
Gozag was pleased with you.
You visited 1 branch of the dungeon, and saw 8 of its levels.
You also visited: Sewer.

You collected 811 gold pieces.
You paid 105 gold pieces to Gozag.

Inventory:

Hand Weapons
 a - a +0 war axe of flaming (weapon)
Armour
 b - a +0 scale mail (worn)
 c - a +0 buckler (worn)
 o - a scarf of repulsion (worn)
Jewellery
 e - a ring of flight (left hand)
 f - an amulet of the acrobat (around neck)
 k - a ring of see invisible (right hand)
 w - a +6 ring of intelligence
Wands
 i - a wand of roots (9) (quivered)
 l - a wand of flame (7)
 x - a wand of charming (8)
Scrolls
 m - a scroll of acquirement
 n - a scroll of enchant weapon
 p - a scroll of fog
 t - 2 scrolls of enchant armour
 v - a scroll of identify
Potions
 d - 2 potions of might
 g - 2 potions of ambrosia
 h - 2 potions of magic
 q - 4 potions of haste
 r - 2 potions of mutation


   Skills:
 + Level 6.7 Fighting
 + Level 6.3 Axes
 + Level 6.8 Armour
 + Level 5.0 Dodging
 + Level 6.7 Shields
 + Level 3.8 Evocations


You had 7 spell levels left.
You didn't know any spells.
Your spell library was empty.

Dungeon Overview and Level Annotations

Branches:
Dungeon (10/15)             Sewer (visited)
 Temple: D:4-7         Lair: D:8-11         Orc: D:9-12

Altars:
Dithmenos
Elyvilon
Gozag
Kikubaaqudgha
Wu Jian
Xom
Yredelemnul
Zin

Annotations:
D:7 1 transporter


Innate Abilities, Weirdness & Mutations

You have a pair of horns on your head.
You reflexively headbutt those who attack you in melee.
You have sharp toenails.
You possess an exceptional clarity of mind.
Your system is resistant to poisons. (rPois)


Message History

The hound is no longer distracted by gold. x2
The electric eel shoots out a bolt of lightning at you!
The bolt of electricity hits you. You resist.
* * * LOW HITPOINT WARNING * * *
The electric eel shoots out a bolt of lightning at you!
The bolt of electricity hits you. You resist.
* * * LOW HITPOINT WARNING * * *
The electric eel shoots out a bolt of lightning at you!
The bolt of electricity misses you.
Unknown command.
The hound attacks as you move away! The hound bites you but does no damage.
A killer bee comes into view.
The hound completely misses you. You furiously retaliate!
You headbutt the hound.
The electric eel shoots out a bolt of lightning at you!
The bolt of electricity hits you. You resist.
* * * LOW HITPOINT WARNING * * *
The electric eel shoots out a bolt of lightning at you!
The bolt of electricity hits you. You resist.
* * * LOW HITPOINT WARNING * * *
The hound bites you but does no damage.
The killer bee buzzes angrily.
You feel better. You block the hound's attack.
The killer bee stings you but does no damage.
The hound bites you.
* * * LOW HITPOINT WARNING * * *
The hound barely misses you. The killer bee stings you.
* * * LOW HITPOINT WARNING * * *
The killer bee completely misses you. You furiously retaliate!
You headbutt the killer bee. The killer bee barely misses you.
The killer bee completely misses you. The hound bites you.
* * * LOW HITPOINT WARNING * * *
There is a stone staircase leading up here.
The killer bee stings you but does no damage.
The killer bee stings you.
* * * LOW HITPOINT WARNING * * *
You block the killer bee's attack. The killer bee stings you!
You die...
Your body crumbles into a pile of gold.

...........##.....#
#.........#...#.##
#$....$$$........#
##..................
#........##....#....
#......###....###..
###.............
###hhy~.........
#...@yy.~~.~.T.V
......##...S≈~.~
...... #.~.≈≈~≈≈
...... .~..~~≈≈≈
..... .~~S≈≈≈≈~
..... ~≈≈≈≈h~ ....
≈≈≈≈≈~. ~≈≈≈≈..


You could see 3 hounds, 3 killer bees and 2 electric eels.

Vanquished Creatures
  A water moccasin (D:5)
  A sky beast (D:6)
  An orc warrior (D:10)
  A black bear (D:6)
  2 ogres
  A wolf (D:10)
  A phantom (D:4)
  A kobold brigand (Sewer)
  A water moccasin zombie (D:5)
  5 scorpions
  A gnoll sergeant (D:10)
  A centaur zombie (D:5)
  3 hounds
  4 orc priests
  Crazy Yiuf (D:4)
  2 iguanas (D:4)
  An orc wizard (D:7)
  8 adders
  7 gnolls
  8 river rats (Sewer)
  2 ufetubi (D:4)
  2 worms
  6 dart slugs
  17 orcs
  9 ball pythons
  6 endoplasms
  5 giant cockroaches
  3 goblins
  7 hobgoblins
  8 jackals
  25 kobolds
  4 quokkas
  A bat (D:1)
  7 frilled lizards
  26 rats
179 creatures vanquished.

Vanquished Creatures (others)
  4 plants (D:1)
4 creatures vanquished.

Grand Total: 183 creatures vanquished

Notes
Turn   | Place    | Note
-------+----------+-------------------------------------------
     0 | D:1      | qeuew the Minotaur Fighter began the quest for the Orb.
     0 | D:1      | Reached XP level 1. HP: 19/19 MP: 0/0
   173 | D:1      | Reached XP level 2. HP: 27/27 MP: 1/1
   597 | D:1      | Reached skill level 1 in Dodging
   821 | D:2      | Found a faded altar of an unknown god.
   941 | D:2      | Reached XP level 3. HP: 33/33 MP: 2/2
  1312 | D:2      | Gained mutation: You possess an exceptional clarity of
                  | mind. [potion of mutation]
  1312 | D:2      | Gained mutation: You have sharp toenails. [potion of
                  | mutation]
  1312 | D:2      | Gained mutation: Your system is resistant to poisons.
                  | (rPois) [potion of mutation]
  1539 | D:3      | Reached XP level 4. HP: 40/40 MP: 3/3
  1630 | D:3      | Found an ornate altar of the Wu Jian Council.
  2440 | D:4      | Reached XP level 5. HP: 34/47 MP: 4/4
  2616 | D:4      | Found an ancient bone altar of Kikubaaqudgha.
  2640 | D:4      | Reached skill level 1 in Evocations
  2702 | D:4      | Reached XP level 6. HP: 53/53 MP: 5/5
  2812 | D:4      | Found a runed translucent door.
  2813 | D:4      | Noticed Crazy Yiuf
  2841 | D:4      | Reached skill level 5 in Fighting
  2841 | D:4      | Reached skill level 5 in Armour
  2841 | D:4      | Reached skill level 5 in Shields
  3472 | D:4      | Reached XP level 7. HP: 36/61 MP: 6/6
  3723 | D:4      | Killed Crazy Yiuf
  3725 | D:4      | Identified a scroll of acquirement
  3744 | D:5      | Entered Level 5 of the Dungeon
  3816 | D:5      | Identified the +4 dagger of Obsession {freeze, rF+ Dex+4}
  4344 | D:5      | Found a basalt altar of Yredelemnul.
  4580 | D:5      | Found a white marble altar of Elyvilon.
  4656 | D:5      | Reached skill level 5 in Axes
  4742 | D:6      | Found an opulent altar of Gozag.
  4769 | D:6      | Found a shimmering altar of Xom.
  4781 | D:6      | Became a worshipper of Gozag Ym Sagoz the Greedy
  4787 | D:6      | Reached XP level 8. HP: 70/70 MP: 7/7
  4791 | D:6      | Found a glowing drain.
  4812 | Sewer    | Entered a sewer
  5489 | D:6      | Found a glowing silver altar of Zin.
  6271 | D:7      | Found a transporter.
  6278 | D:7      | You are sucked into a shaft and drop 3 floors!
  6278 | D:10     | Entered Level 10 of the Dungeon
  6284 | D:10     | Found a shadowy altar of Dithmenos.
  6599 | D:10     | Reached skill level 5 in Dodging
  6599 | D:10     | Noticed a troll
  6609 | D:10     | HP: 3/71 [killer bee (1)]
  6609 | D:10     | Slain by a killer bee

Illustrated notes

Levels and vault maps discovered:
D:1:      saegor_arrival_simple_d, layout_basic, serial_bayou_pond_e, hex_tiny
D:2:      layout_rooms, shapermc_ecumenical_altar_ellora
D:3:      layout_loops_ring, mainiacjoe_overflow_alcove_2
D:4:      layout_loops_cross, mainiacjoe_overflow_brackets,
          minmay_misc_feat_secret_circle, minmay_vboxes, uniq_crazy_yiuf_cottage
D:5:      nicolae_cairo_tiling_very_big, layout_loops_ring,
          mainiacjoe_overflow_six_doors_small, lemuel_zombie_altar_yredelemnul
D:6:      layout_basic, mainiacjoe_overflow_paths,
          nicolae_overflow_hidden_temple, mainiacjoe_overflow_catwalk_spiral,
          gup_sewer_entry_glass
D:7:      gammafunk_wand_slinger, layout_basic, nicolae_ru_path_of_blood,
          minmay_temple_entry_arrows, uniq_joseph
D:10:     layout_cave_pools, mainiacjoe_overflow_chevrons,
          nicolae_hepliaklqana_monster_ancestors, erik_lair_island,
          hangedman_abyss_or_decor_jellyfish_corner

Skill      XL: |  1  2  3  4  5  6  7  8 |
---------------+-------------------------+-----
Dodging        | 1 2 3 4 5 |  5.0
Fighting       | 4 5 6 |  6.7
Armour         | 4 5 6 |  6.8
Shields        | 4 5 6 |  6.7
Axes           | 3 4 5 6 |  6.3
Evocations     | 1 2 3 |  3.8

Action                   |  1- 3 |  4- 6 |  7- 9 || total
-------------------------+-------+-------+-------++-------
Melee: War axe           |    66 |   113 |   166 ||   345
       Headbutt          |     8 |    15 |    34 ||    57
       Kick              |     1 |    30 |    42 ||    73
  Use: Potion            |     2 |     1 |     9 ||    12
       Scroll            |     1 |     4 |    11 ||    16
 Stab: Distracted        |       |       |     1 ||     1
Armor: Scale mail        |    33 |    39 |    57 ||   129
Dodge: Dodged            |    32 |    70 |   124 ||   226
Block: Buckler           |    19 |    34 |    64 ||   117
